 Dungeon Crawl Stone Soup version 0.29.1-15-g9cfb28693d (webtiles) character file.

Game seed: 5666938567650352350

84 Smoke131 the Ruffian (level 4, -2/40 HPs)
             Began as a Ghoul Monk on Mar 1, 2023.
             Slain by a goblin
             ... wielding a +0 dagger
             ... led by Robin
              (6 damage)
             ... on level 2 of the Dungeon.
             The game lasted 00:02:59 (1542 turns).

Smoke131 the Ruffian (Ghoul Monk)                   Turns: 1542, Time: 00:03:00

Health: -2/40      AC:  2    Str: 16    XL:     4   Next: 46%
Magic:  3/3        EV: 12    Int:  5    God:
Gold:   147        SH:  0    Dex: 11    Spells: 3/3 levels left

rFire   . . .      SeeInvis .     - Unarmed
rCold   + . .      Faith    .   (no shield)
rNeg    + + +      Spirit   .   a - +0 robe
rPois   ∞          Reflect  .   (no helmet)
rElec   .          Harm     .   (no cloak)
rCorr   .          Rampage  .   (no gloves)
Will    .....                   (no boots)
Stlth   ++........              (no amulet)
HPRegen 0.00/turn               (no ring)
MPRegen 0.08/turn               (no ring)

@: inhibited regen
A: claws 1, cold resistance 1, negative energy resistance 3, inhibited
regeneration, torment resistance 2, devour on kill
a: no special abilities


You were on level 2 of the Dungeon.
You visited 1 branch of the dungeon, and saw 2 of its levels.

You collected 147 gold pieces.

Inventory:

Armour
 a - a +0 robe (worn)
Scrolls
 c - a scroll of magic mapping {unknown}
 d - a scroll of enchant weapon {unknown}
 e - 3 scrolls of identify {unknown}
 f - a scroll of amnesia {unknown}
 h - a scroll of teleportation {unknown}
 i - a scroll of immolation {unknown}
 l - a scroll of fog {unknown}
Potions
 b - a potion of ambrosia
 g - 2 potions of curing
 j - a potion of lignification {unknown}
 k - a potion of cancellation {unknown}


   Skills:
 + Level 4.2 Fighting
 + Level 3.4 Dodging
 - Level 2.1 Stealth
 + Level 4.2 Unarmed Combat


You had 3 spell levels left.
You didn't know any spells.
Your spell library contained the following spells:

 Spells                   Type           Power      Damage    Failure   Level
 Conjure Flame            Conj/Fire      0%         6-21      85%         3
 Ignite Poison            Fire/Tmut/Pois 0%         N/A       85%         3
 Sticky Flame             Conj/Fire      0%         2d3       99%         4


Dungeon Overview and Level Annotations

Branches:
Dungeon (2/15)

Altars:


Innate Abilities, Weirdness & Mutations

You are immune to poison.
You have sharp fingernails.
Your flesh is cold resistant. (rC+)
You are immune to negative energy. (rN+++)
You do not regenerate when monsters are visible.
You are immune to unholy pain and torment.
You thrive by killing the living.


Message History

Robin is lightly wounded.
Robin closely misses you. The goblin closely misses you.
You claw Robin!
Robin is severely wounded.
The goblin barely misses you.
You barely miss Robin.
Robin is severely wounded.
Robin misses you. The goblin barely misses you.
You barely miss Robin.
Robin is severely wounded.
Robin hits you with a +0 spear. The goblin hits you with a +0 dagger.
You scratch Robin but do no damage.
Robin is severely wounded.
The goblin hits you with a +0 dagger.
You barely miss Robin.
Robin is severely wounded.
Robin hits you with a +0 spear. The goblin hits you with a +0 dagger.
You scratch Robin.
Robin is severely wounded.
You closely miss Robin.
Robin is severely wounded.
The goblin hits you with a +0 dagger.
You barely miss Robin.
Robin is severely wounded.
The goblin hits you with a +0 dagger.
You scratch Robin.
You kill Robin!
The goblin hits you with a +0 dagger.
* * * LOW HITPOINT WARNING * * *
You closely miss the goblin. The goblin misses you.
The goblin hits you with a +0 dagger.
* * * LOW HITPOINT WARNING * * *
You scratch the goblin but do no damage.
The goblin hits you with a +0 dagger.
* * * LOW HITPOINT WARNING * * *
The goblin closely misses you.
You scratch the goblin.
You kill the goblin!
The goblin hits you with a +0 dagger.
You die...

#.......... ## ##
#.###....... .#
#.......####
.########..##########.##
........................
....#####.######.####.#
..........# #......!.#
....####### #.#)######
....# #.#@# #.### # #g#
#.# #g# #.# #g# #(# #.#
.†######## #.#
##........ #..
...####### ### ##.#


You could see a hobgoblin (strong) and 2 goblins.

Vanquished Creatures
  Robin (D:2)
  2 adders (D:2)
  A worm (D:2)
  2 dart slugs (D:2)
  4 ball pythons
  5 endoplasms
  2 giant cockroaches
  9 goblins
  4 hobgoblins
  4 jackals (D:2)
  5 kobolds (D:1)
  3 quokkas
  2 bats
  A frilled lizard (D:1)
  A rat (D:1)
46 creatures vanquished.

Notes
Turn   | Place    | Note
-------+----------+-------------------------------------------
     0 | D:1      | Smoke131 the Ghoul Monk began the quest for the Orb.
     0 | D:1      | Reached XP level 1. HP: 19/19 MP: 0/0
   247 | D:1      | Reached XP level 2. HP: 25/26 MP: 1/1
   598 | D:1      | Reached XP level 3. HP: 33/33 MP: 2/2
  1320 | D:2      | Reached XP level 4. HP: 36/40 MP: 3/3
  1519 | D:2      | Noticed Robin
  1539 | D:2      | Killed Robin
  1542 | D:2      | Slain by a goblin

Illustrated notes

Levels and vault maps discovered:
D:1:      dpeg_arrival_castle, layout_rooms, minmay_tetromino_l4
D:2:      layout_loops_ring, minivault_24, minmay_misc_feat_ornament,
          kennysheep_generic_room_9, uniq_robin

Skill      XL: |  1  2  3 |
---------------+----------+-----
Dodging        | 3 |  3.4
Unarmed Combat | 4 |  4.2
Fighting       | 4 |  4.2
Stealth        | |  2.1

Action                   |  1- 3 |  4- 6 || total
-------------------------+-------+-------++-------
Melee: Unarmed           |   100 |    49 ||   149
       Punch             |     2 |       ||     2
  Use: Potion            |     2 |       ||     2
 Stab: Distracted        |     1 |       ||     1
       Sleeping          |     2 |       ||     2
Armor: Robe              |    16 |     6 ||    22
Dodge: Dodged            |    65 |    30 ||    95
